 Dungeon Crawl Stone Soup version 0.30-a0-1160-g6e42c06551 (webtiles) character file.

Game seed: 5208491304779555638

18503 garrulousMonolith the Grappler (level 12, 0/119 HPs)
             Began as a Troll Berserker on Apr 26, 2023.
             Was a Priest of Trog.
             Slain by a sun demon (19 damage)
             ... led by a balrug
             ... on level 10 of the Dungeon.
             The game lasted 00:17:34 (11708 turns).

garrulousMonolith the Grappler (Troll Berserker)   Turns: 11708, Time: 00:17:34

Health: 0/119      AC: 15    Str: 28    XL:     12   Next: 28%
Magic:  11/11      EV: 12    Int:  5    God:    Trog [***...]
Gold:   337        SH: 10    Dex: 17    Spells: 11/11 levels left

rFire   . .          .
                       - Unarmed
rCold   . . .        p - +0 kite shield
rNeg    . . .        v - +0 acid dragon scales
rPois   .            (helmet restricted)
rElec   .            x - +1 cloak
rCorr   +            (gloves unavailable)
SInv    .            (boots unavailable)
Will    ++...        J - amulet of regeneration
Stlth   +            q - +4 ring of protection
HPRegen 2.99/turn    a - +6 ring of dexterity
MPRegen 0.12/turn

%: no passive effects
@: strong-willed, on berserk cooldown, regenerating, slowed, very slow
A: large, unfitting armour, claws 3, regeneration 1, shaggy fur 1, tough skin 1
a: Renounce Religion, Berserk, Trog's Hand


You were on level 10 of the Dungeon.
You worshipped Trog.
Trog was most pleased with you.
You visited 2 branches of the dungeon, and saw 11 of its levels.
You visited the Abyss 1 time.
You also visited: Sewer and Bailey.

You collected 701 gold pieces.
You spent 364 gold pieces at shops.

Inventory:

Hand Weapons
 A - a +1 giant spiked club of flaming
 D - the +11 broad axe of Natey {freeze, MP+9}
   (You found it in a bailey)

   MP:        It affects your magic capacity (+9).
Missiles
 g - 3 throwing nets (quivered)
 j - 7 poisoned darts
Armour
 p - a +0 kite shield (worn)
 s - a +0 tower shield
 t - a +2 robe of cold resistance
 v - +0 acid dragon scales (worn)
 x - a +1 cloak (worn)
Jewellery
 a - a +6 ring of dexterity (right claw)
 m - a ring of ice
 q - a +4 ring of protection (left claw)
 u - an amulet of faith
 y - an amulet of the acrobat
 B - an amulet of guardian spirit
 J - an amulet of regeneration (around neck)
Wands
 f - a wand of iceblast (10)
 n - a wand of quicksilver (15)
 o - a wand of flame (25)
Scrolls
 b - 4 scrolls of fear
 c - 2 scrolls of identify
 h - 4 scrolls of teleportation
 i - 3 scrolls of magic mapping
 k - 2 scrolls of blinking
 r - a scroll of fog
 G - a scroll of silence {unknown}
 K - a scroll of brand weapon
Potions
 d - 4 potions of heal wounds
 e - 3 potions of might
 l - a potion of attraction
 w - a potion of haste
 z - 3 potions of lignification
 E - a potion of magic
 F - a potion of mutation
 H - a potion of curing


   Skills:
 + Level 8.1 Fighting
 - Level 5.0 Armour
 + Level 8.1 Dodging
 + Level 6.5 Shields
 * Level 13.2 Unarmed Combat


You had 11 spell levels left.
You didn't know any spells.
Your spell library was empty.

Dungeon Overview and Level Annotations

Branches:
Dungeon (10/15)            Temple (1/1) D:6            Lair (0/5) D:9
  Sewer (visited)          Bailey (visited)
    Orc: D:9-12

Altars:
Ashenzari
Cheibriados
Dithmenos
Elyvilon
Fedhas
Gozag
Hepliaklqana
Kikubaaqudgha
Makhleb
Nemelex Xobeh
Okawaru
Qazlal
Ru
Sif Muna
Uskayaw
Vehumet
Wu Jian
Xom
Yredelemnul
Zin
The Shining One

Shops:
D:9 [   D:10 !

Annotations:
D:3 exclusion: door
D:8 1 runed translucent door, turdburglar's ghost, novice GrEE
D:10 Grum; Sonja


Innate Abilities, Weirdness & Mutations

You are too large for most types of armour.
You have claws for hands.
Your natural rate of healing is unusually fast.
You are covered in fur. (AC +1)
You have tough skin. (AC +1)


Message History

The bolt of fire hits the sun demon.
The sun demon completely resists.
The bolt of fire misses you.
You eviscerate the sun demon!!!
You kill the sun demon!
Trog accepts your kill.
You closely miss the sun demon.
The substance of the Abyss twists violently, and a gateway leading out appears!
The sun demon hits you.
You are engulfed in flames!
The balrug gestures at you.
The bolt of fire hits the sun demon.
The sun demon completely resists.
The bolt of fire misses you.
You pass through the gate.
Welcome back to the Dungeon!
Level annotation: Grum; Sonja You feel a strong urge to attack something.
The wolf closely misses you. The wolf bites you. You block the wolf's attack.
You are too berserk!
You mangle the wolf!!
The wolf is severely wounded.
The sun demon hits you!
You are engulfed in flames!
You block the wolf's attack. The wolf bites you but does no damage.
You scratch the wolf.
The wolf is almost dead.
You are no longer berserk.
You are exhausted.
You feel yourself slow down. The wolf closely misses you.
The sun demon closely misses you. The wolf bites you.
* * * LOW HITPOINT WARNING * * *
You miss the wolf.
The wolf is almost dead.
The wolf barely misses you. The wolf bites you but does no damage.
The sun demon completely misses you. The wolf bites you but does no damage.
You block the wolf's attack.
You claw the wolf!
You kill the wolf!
Trog accepts your kill. You block the wolf's attack. The sun demon hits you!!
* * * LOW HITPOINT WARNING * * *
You are engulfed in flames!!
You die...

##.........##.
##............#
#.............
........K....
:..........#
...........## ..
....?.......# ...
........h...# #...
.......3@...##...#
#...g......##...#
##........##...#
.........#...########
............###.....#
########...###.....##
........##......# ###
...............#####..
..............###.....


You could see a sun demon, Grum, Sonja and a wolf.

Vanquished Creatures
  A lich (Abyss:1)
  A vault guard (Bailey)
  2 two-headed ogres
  A thrashing horror (Abyss:1)
  A sun demon (Abyss:1)
  Joseph (D:8)
  A smoke demon (Abyss:1)
  Maggie (D:7)
  An efreet (Abyss:1)
  A komodo dragon (D:9)
  An ancient zyme (Abyss:1)
  A troll (D:9)
  2 large abominations (Abyss:1)
  A hornet (D:8)
  Grinder (D:3)
  Prince Ribbit (Bailey)
  5 humans (Bailey)
  A wyvern (D:9)
  25 yaks
  Sigmund (D:3)
  A wraith (D:10)
  3 basilisks (D:9)
  4 small abominations (Abyss:1)
  A neqoxec (Abyss:1)
  Menkaure (D:5)
  An acid dragon (D:9)
  2 water moccasins
  Duvessa (D:7)
  A swamp drake (D:9)
  An ice beast (D:5)
  An orc warrior (D:8)
  2 sky beasts
  A black bear (D:5)
  A wolf (D:10)
  3 centaurs
  5 ogres
  2 phantoms
  2 scorpions (D:6)
  15 bullfrogs
  Dowan (D:7)
  9 wights (D:8)
  17 killer bees
  An electric eel (D:6)
  5 hounds
  4 orc priests
  Crazy Yiuf (D:5)
  A gnoll bouda (D:5)
  2 jellies
  Ijyb (D:3)
  2 sleepcaps
  4 iguanas
  5 orc wizards
  15 gnolls
  13 adders
  A shadow imp (D:4)
  3 white imps
  2 worms
  5 dart slugs
  27 orcs
  18 endoplasms
  5 giant cockroaches
  11 goblins
  13 hobgoblins
  10 jackals
  6 quokkas
  16 ball pythons
  8 bats
  12 frilled lizards
  7 kobolds
  10 rats
333 creatures vanquished.

Vanquished Creatures (collateral kills)
  Fannar (D:10)
1 creature vanquished.

Vanquished Creatures (others)
  2 plants (D:6)
2 creatures vanquished.

Grand Total: 336 creatures vanquished

Notes
Turn   | Place    | Note
-------+----------+-------------------------------------------
     0 | D:1      | garrulousMonolith the Troll Berserker began the quest for
                  | the Orb.
     0 | D:1      | Reached XP level 1. HP: 22/22 MP: 0/0
    67 | D:1      | Reached XP level 2. HP: 29/29 MP: 1/1
   237 | D:1      | Reached ** piety under Trog
   262 | D:1      | Reached XP level 3. HP: 34/36 MP: 2/2
   776 | D:2      | Reached skill level 1 in Armour
   932 | D:2      | Reached XP level 4. HP: 44/44 MP: 3/3
   935 | D:2      | Reached skill level 4 in Unarmed Combat
  1064 | D:2      | Reached XP level 5. HP: 46/53 MP: 4/4
  1532 | D:3      | Reached *** piety under Trog
  1744 | D:3      | Noticed Grinder
  1757 | D:3      | Killed Grinder
  1758 | D:3      | Reached skill level 5 in Unarmed Combat
  1758 | D:3      | Reached XP level 6. HP: 37/61 MP: 5/5
  1799 | D:3      | Noticed Sigmund
  1806 | D:3      | Killed Sigmund
  1823 | D:3      | Reached XP level 7. HP: 63/67 MP: 6/6
  1907 | D:3      | Noticed a moth of wrath
  2028 | D:3      | Noticed Ijyb
  2034 | D:3      | Killed Ijyb
  2107 | D:3      | You fall into a shaft and drop 3 floors!
  2183 | D:6      | Reached skill level 6 in Unarmed Combat
  2246 | D:6      | Found a staircase to the Ecumenical Temple.
  2285 | Temple   | Entered the Ecumenical Temple
  2725 | D:6      | Reached XP level 8. HP: 47/78 MP: 7/7
  3081 | D:5      | Entered Level 5 of the Dungeon
  3134 | D:5      | Reached skill level 7 in Unarmed Combat
  3144 | D:5      | Found a glowing drain.
  3158 | Sewer    | Entered a sewer
  3369 | Sewer    | Reached **** piety under Trog
  3459 | D:5      | Noticed Menkaure
  3465 | D:5      | Killed Menkaure
  3577 | D:5      | Found a shadowy altar of Dithmenos.
  3945 | D:5      | Found a runed translucent door.
  3946 | D:5      | Noticed Crazy Yiuf
  4216 | D:5      | Reached skill level 8 in Unarmed Combat
  4696 | D:5      | Killed Crazy Yiuf
  4697 | D:5      | Reached skill level 5 in Fighting
  4697 | D:5      | Reached XP level 9. HP: 82/88 MP: 8/8
  4862 | D:4      | Reached skill level 5 in Dodging
  4867 | D:4      | Found an ancient bone altar of Kikubaaqudgha.
  4896 | D:4      | Found a snail-covered altar of Cheibriados.
  4903 | D:4      | Found a basalt altar of Yredelemnul.
  6716 | D:7      | Noticed Dowan
  6717 | D:7      | Noticed Duvessa
  6724 | D:7      | Killed Duvessa
  6728 | D:7      | Killed Dowan
  6739 | D:7      | Found a flagged portal.
  6745 | Bailey   | Entered a bailey
  6756 | Bailey   | Reached skill level 1 in Shields
  6788 | Bailey   | Reached skill level 9 in Unarmed Combat
  6804 | Bailey   | Reached skill level 5 in Armour
  6872 | Bailey   | Reached XP level 10. HP: 75/98 MP: 4/9
  6931 | Bailey   | Noticed a vault guard
  6931 | Bailey   | Noticed Prince Ribbit
  6935 | Bailey   | Killed Prince Ribbit
  6944 | Bailey   | Killed a vault guard
  6945 | Bailey   | Reached skill level 10 in Unarmed Combat
  6971 | Bailey   | Identified the +11 broad axe of Natey {freeze, MP+9}
  7565 | D:7      | Noticed Maggie
  7580 | D:7      | Killed Maggie
  8598 | D:8      | Paralysed by a hornet for 1 turns
  8843 | D:8      | Noticed Joseph
  8855 | D:8      | Killed Joseph
  8958 | D:8      | Found a runed translucent door.
  8964 | D:8      | Noticed turdburglar's ghost (novice GrEE)
  8996 | D:8      | Reached skill level 11 in Unarmed Combat
  9171 | D:8      | Reached XP level 11. HP: 98/107 MP: 10/10
  9711 | D:9      | Noticed a two-headed ogre
  9718 | D:9      | Killed a two-headed ogre
  9828 | D:9      | Found Waduj's Armour Shop.
  9988 | D:9      | Found a shimmering altar of Xom.
 10074 | D:9      | Reached skill level 5 in Shields
 10276 | D:9      | Reached skill level 12 in Unarmed Combat
 10387 | D:9      | Found a staircase to the Lair.
 10588 | D:10     | Entered Level 10 of the Dungeon
 10606 | D:10     | Noticed Fannar
 10623 | D:10     | Killed Fannar
 10655 | D:10     | Found Agown's Distillery.
 10664 | D:10     | Bought a potion of heal wounds for 65 gold pieces
 10664 | D:10     | Bought a potion of haste for 130 gold pieces
 10664 | D:10     | Bought a potion of heal wounds for 65 gold pieces
 10664 | D:10     | Bought a potion of mutation for 104 gold pieces
 10717 | D:10     | Found a blossoming altar of Fedhas.
 10866 | D:10     | Noticed a two-headed ogre
 10885 | D:10     | Killed a two-headed ogre
 11117 | D:10     | Noticed Sonja
 11118 | D:10     | Noticed Grum
 11120 | Abyss:1  | Cast into level 1 of the Abyss (Sonja)
 11171 | Abyss:1  | Noticed a lich
 11186 | Abyss:1  | Killed a lich
 11187 | Abyss:1  | Reached XP level 12. HP: 30/119 MP: 11/11
 11399 | Abyss:1  | Found a corrupted altar of Lugonu.
 11420 | Abyss:1  | Noticed a starcursed mass
 11497 | Abyss:1  | Reached skill level 13 in Unarmed Combat
 11688 | Abyss:1  | Noticed a balrug
 11704 | D:10     | Escaped the Abyss
 11708 | D:10     | Slain by a sun demon

Illustrated notes

Levels and vault maps discovered:
D:1:      wander_arrival_peaceful_grave, layout_basic,
          hangedman_decor_clover_reticule
D:2:      layout_loops_ring, minmay_fractal_squares_5
D:3:      minmay_spotlight, layout_basic, tgw_trog, uniq_grinder, uniq_ijyb,
          uniq_sigmund
D:4:      layout_basic, grunt_temple_overflow_open
D:5:      layout_layer_cave, nicolae_dithmenos_through_a_glass_darkly,
          portal_sewer_entry_d, kennysheep_donut, uniq_crazy_yiuf_cottage,
          uniq_menkaure
D:6:      layout_basic, minmay_temple_entry_trees, serial_bayou,
          serial_bayou_pond_d, serial_bayou_crossing, serial_bayou_pond_e,
          serial_bayou_ford_a
D:7:      layout_layer_cave, enter_bailey_3, uniq_maggie, uniq_duvessa
D:8:      layout_loops_ring, ebering_ghost_reflecting_pool, uniq_joseph,
          uniq_prince_ribbit1
D:9:      layout_loops_ring, general_overflow_altar, erik_lair_dragon,
          serial_shops, shop
D:10:     layout_cave_pods, mainiacjoe_overflow_alcove_2, serial_shops, shop,
          uniq_sonja, uniq_fannar, uniq_grum
Temple:   regret_index_temple_generic_petals

Skill      XL: |  1  2  3  4  5  6  7  8  9 10 11 12 |
---------------+-------------------------------------+-----
Armour         | 1 2 3 4 5 |  5.0
Unarmed Combat | 4 5 6 8 9 11 12 13 | 13.2
Dodging        | 3 4 5 6 7 8 |  8.1
Fighting       | 3 4 5 6 7 8 |  8.1
Shields        | 2 4 6 |  6.5

Action                     |  1- 3 |  4- 6 |  7- 9 | 10-12 || total
---------------------------+-------+-------+-------+-------++-------
  Melee: Unarmed           |    80 |   100 |   351 |   418 ||   949
         Punch             |     1 |     3 |    14 |    14 ||    32
 Invoke: Trog's Hand       |     1 |     2 |     9 |    12 ||    24
         Berserk           |     1 |     2 |     4 |     9 ||    16
         Brothers in Arms  |       |       |       |     2 ||     2
  Evoke: Wand              |       |       |       |     3 ||     3
    Use: Scroll            |       |       |     9 |    13 ||    22
         Potion            |       |       |     1 |     3 ||     4
   Stab: Sleeping          |     1 |     1 |     3 |     1 ||     6
         Distracted        |       |       |       |     1 ||     1
 Armour: Animal skin       |    29 |    40 |       |       ||    69
         Robe              |       |       |   152 |     7 ||   159
         Steam dragon scal |       |       |       |    74 ||    74
         Acid dragon scale |       |       |       |    56 ||    56
  Dodge: Dodged            |    37 |    61 |   191 |   217 ||   506
  Block: Kite shield       |       |       |       |   135 ||   135

Table legend: (Time is in decaauts)
 A = Elapsed time spent in this place.
 B = Non-inter-level travel time spent in this place.
 C = Inter-level travel time spent in this place.
 D = Time resting spent in this place.
 E = Time spent auto-exploring this place.
 F = Levels seen in this place.
 G = Mean time per level.
                   A        B        C        D        E       F      G
               +--------+--------+--------+--------+--------+-----+--------+
         Total |  11714 |  11248 |    466 |   1999 |   7096 |  14 |  836.7 |
       Dungeon |  10426 |   9985 |    441 |   1634 |   6656 |  10 | 1042.6 |
        Temple |    217 |    192 |     25 |      0 |    188 |   1 |  217.0 |
         Abyss |    594 |    594 |      0 |    287 |    149 |   1 |  594.0 |
         Sewer |    240 |    240 |      0 |      0 |     68 |   1 |  240.0 |
        Bailey |    235 |    235 |      0 |     77 |     35 |   1 |  235.0 |
               +--------+--------+--------+--------+--------+-----+--------+

Top non-repeatable levels by time:
     D:7: 1685 daAuts
     D:5: 1542 daAuts
     D:6: 1129 daAuts
     D:9: 1056 daAuts
     D:3: 1013 daAuts
     D:4: 986 daAuts
     D:8: 932 daAuts
     D:2: 782 daAuts
     D:1: 737 daAuts
 Abyss:1: 594 daAuts
    D:10: 558 daAuts
   Sewer: 240 daAuts
  Bailey: 235 daAuts
  Temple: 217 daAuts
